 Dungeon Crawl Stone Soup version 0.29-a0-362-g5854e031c7 (webtiles) character file.

Game seed: 14453447611694013581

128 snetch the Magician (level 5, -4/36 HPs)
             Began as a Djinni Fire Elementalist on Apr 29, 2022.
             Slain by an orc
             ... wielding a +0 flail
              (6 damage)
             ... on level 3 of the Dungeon.
             The game lasted 00:05:47 (2902 turns).

snetch the Magician (Djinni Fire Elementalist)      Turns: 2902, Time: 00:05:49

Health: -4/36      AC:  3    Str:  7    XL:     5   Next: 34%
Gold:   117        EV: 12    Int: 18    God:
                   SH:  0    Dex: 14

rFire   + + .      SeeInvis .   e - +0 long sword
rCold   x . .      Faith    .   (no shield)
rNeg    . . .      Spirit   .   f - +0 leather armour
rPois   ∞          Reflect  .   (no helmet)
rElec   .          Harm     .   (no cloak)
rCorr   .          Rampage  .   (no gloves)
Will    .....                   (boots unavailable)
Stlth   ++........              (no amulet)
HPRegen 0.12/turn               (no ring)
MPRegen 0.00/turn               (no ring)

@: flying
A: sickness immunity, fire resistance 2, cold vulnerability 1, float, innate
caster, HP casting, extra vitality 1
a: no special abilities


You were on level 3 of the Dungeon.
You visited 1 branch of the dungeon, and saw 3 of its levels.

You collected 117 gold pieces.

Inventory:

Hand Weapons
 e - a +0 long sword (weapon)
Missiles
 a - a throwing net
 c - 73 stones
 g - 4 poisoned darts
Armour
 f - a +0 leather armour (worn)
 o - a +0 ring mail
Wands
 q - a wand of paralysis (9)
Scrolls
 d - 6 scrolls of identify {unknown}
 h - 2 scrolls of magic mapping {unknown}
 j - 2 scrolls of silence {unknown}
 l - 2 scrolls of amnesia
 m - a scroll of brand weapon {unknown}
Potions
 b - a potion of degeneration {unknown}
 i - a potion of might {unknown}
 k - a potion of lignification {unknown}
 n - a potion of flight {unknown}
 p - a potion of attraction {unknown}
 r - a potion of cancellation {unknown}


   Skills:
 + Level 0.5 Fighting
 + Level 1.1 Armour
 + Level 2.6 Dodging
 + Level 2.1 Stealth
 + Level 3.8 Spellcasting


You couldn't memorise any spells.
You knew the following spells:

 Your Spells              Type           Power      Damage    Failure   Level
a - Foxfire               Conj/Fire      68%        2x1d7     4%          1
b - Scorch                Fire           34%        2d7       7%          2
c - Conjure Flame         Conj/Fire      17%        6-21      14%         3
d - Inner Flame           Hex/Fire       17%        N/A       14%         3
e - Flame Wave            Conj/Fire      17%        2d6       41%         4
f - Sting                 Tmut/Pois      68%        1d6       4%          1
g - Wereblood             Tmut           17%        N/A       7%          2
Your spell library was empty.

Dungeon Overview and Level Annotations

Branches:
Dungeon (3/15)

Altars:


Innate Abilities, Weirdness & Mutations

You are immune to sickness and miasma.
You are immune to poison.
Your flesh is very heat resistant. (rF++)
You are vulnerable to cold. (rC-)
You float through the air rather than walking.
You learn spells naturally, not from books.
Your magical power is your life essence.
You have superior vitality. (+4 MHP)


Message History

An orc comes into view. It is wielding a +0 flail.
The adder bites you. The adder bites you but does no damage.
You fly upwards.
There is a stone staircase leading down here.
Casting: Scorch (safe; 7% risk of failure)
Confirm with . or Enter, or press ? or * to list all spells.
You miscast Scorch.
You are very lightly contaminated with residual magic.
Nothing appears to happen.
The adder bites you.
Unknown command.
Casting: Scorch (safe; 7% risk of failure)
Confirm with . or Enter, or press ? or * to list all spells.
Flames lash the adder.
You kill the adder!
You start resting.
Your magical contamination has completely faded away.
You start resting.
HP restored.
You fly downwards.
The orc hits you with a +3 hand axe! The orc hits you with a +0 hand axe.
The orc hits you but does no damage.
An orc comes into view. It is wielding a +0 dagger.
The orc hits you with a +0 club. The orc closely misses you.
The orc misses you. The orc closely misses you.
The quokka bites you but does no damage.
The orc hits you with a +3 hand axe! The orc hits you with a +0 club.
* * * LOW HITPOINT WARNING * * *
The orc hits you with a +0 dagger.
* * * LOW HITPOINT WARNING * * *
The orc completely misses you. The orc closely misses you. x2
There is a stone staircase leading up here.
As you read the scroll labelled FUSCHAO YHELU, it crumbles to dust.
It is a scroll of amnesia.
You feel forgetful for a moment.
The quokka bites you but does no damage.
The orc hits you with a +3 hand axe.
* * * LOW HITPOINT WARNING * * *
The quokka bites you but does no damage.
The orc closely misses you. x3; The orc hits you with a +0 flail.
You die...

.... ...#
..o#####
####......
≈.....$..#
≈......o.#
≈.....oro#
≈....oo@o#
≈.....ooo..#
≈........#.#
≈.(......# #
≈#########


You could see an orc wizard, 9 orcs and a quokka.

Vanquished Creatures
  3 gnolls (D:2)
  5 adders (D:2)
  A worm (D:2)
  A dart slug (D:3)
  6 ball pythons
  4 bats
  4 endoplasms
  5 giant cockroaches
  A goblin (D:2)
  3 hobgoblins (D:1)
  2 jackals (D:1)
  4 kobolds
  A quokka (D:2)
  5 frilled lizards
  5 rats
50 creatures vanquished.

Vanquished Creatures (others)
  53 foxfires
53 creatures vanquished.

Grand Total: 103 creatures vanquished

Notes
Turn   | Place    | Note
-------+----------+-------------------------------------------
     0 | D:1      | snetch the Djinni Fire Elementalist began the quest for the
                  | Orb.
     0 | D:1      | Reached XP level 1. HP: 15/15 MP: 0/0
   219 | D:1      | Reached XP level 2. HP: 16/21 MP: 0/0
   795 | D:2      | Reached skill level 3 in Spellcasting
   795 | D:2      | Reached XP level 3. HP: 18/25 MP: 0/0
   795 | D:2      | Learned a level 1 spell: Sting
  1876 | D:2      | Reached XP level 4. HP: 24/31 MP: 0/0
  2577 | D:2      | Reached skill level 1 in Armour
  2577 | D:2      | Reached XP level 5. HP: 30/36 MP: 0/0
  2577 | D:2      | Learned a level 2 spell: Wereblood
  2902 | D:3      | Slain by an orc

Illustrated notes

Levels and vault maps discovered:
D:1:      psy_arrival_dodecagon, layout_basic, lemuel_another_geyser
D:2:      layout_basic, serial_glass, glass_columns_b, glass_columns_c,
          kennysheep_generic_room_6
D:3:      wander_river, layout_rooms

Skill      XL: |  1  2  3  4 |
---------------+-------------+-----
Spellcasting   | 3 |  3.8
Stealth        | 2 |  2.1
Armour         | 1 |  1.1
Fighting       | |  0.5
Dodging        | |  2.6

Action                   |  1- 3 |  4- 6 || total
-------------------------+-------+-------++-------
Melee: Long sword        |    36 |     7 ||    43
 Cast: Foxfire           |    23 |     9 ||    32
       Sting             |    16 |    11 ||    27
       Scorch            |       |    10 ||    10
Evoke: Wand              |       |     1 ||     1
  Use: Scroll            |       |     1 ||     1
 Stab: Sleeping          |     3 |       ||     3
       Paralysed         |       |     2 ||     2
Armor: Leather armour    |    12 |     9 ||    21
Dodge: Dodged            |    27 |    36 ||    63

Table legend: (Time is in decaauts)
 A = Elapsed time spent in this place.
 B = Non-inter-level travel time spent in this place.
 C = Inter-level travel time spent in this place.
 D = Time resting spent in this place.
 E = Time spent auto-exploring this place.
 F = Levels seen in this place.
 G = Mean time per level.
                   A        B        C        D        E       F      G
               +--------+--------+--------+--------+--------+-----+--------+
         Total |   2923 |   2890 |     33 |    254 |   2088 |   3 |  974.3 |
       Dungeon |   2923 |   2890 |     33 |    254 |   2088 |   3 |  974.3 |
               +--------+--------+--------+--------+--------+-----+--------+

Top non-repeatable levels by time:
     D:1: 1512 daAuts
     D:2: 1385 daAuts
     D:3: 24 daAuts
